 Dungeon Crawl Stone Soup version 0.32-a0-172-gc5dd13f2a7 (webtiles) character file.

Game seed: 8753674234012154344

121 horus123 the Magician (level 5, -2/35 HPs)
             Began as a Human Hedge Wizard on Feb 12, 2024.
             Was an Initiate of Ashenzari.
             Killed by divine providence
             ... invoked by an orc priest
              (14 damage)
             ... on level 3 of the Dungeon.
             The game lasted 00:04:56 (2810 turns).

horus123 the Magician (Human Hedge Wizard)          Turns: 2810, Time: 00:04:56

Health: -2/35      AC:  6    Str: 10    XL:     5   Next: 5%
Magic:  12/12      EV: 12    Int: 17    God:    Ashenzari [......]
Gold:   79         SH:  0    Dex: 12    Spells: 9/14 levels left

rFire   . . .        j - +1 dagger (elec)
rCold   . . .        (no shield)
rNeg    . . .        b - +0 robe
rPois   +            c - +0 hat
rElec   .            (no cloak)
rCorr   .            (no gloves)
SInv    .            (no boots)
Will    .....        (no amulet)
Stlth   ++           g - +4 ring of protection
HPRegen 0.25/turn    p - ring of poison resistance
MPRegen 0.13/turn

%: no passive effects
@: no status effects
A: explore regen
a: Renounce Religion


You were on level 3 of the Dungeon.
You worshipped Ashenzari.
Ashenzari was noncommittal.
You visited 1 branch of the dungeon, and saw 3 of its levels.

You collected 79 gold pieces.

Inventory:

Hand Weapons
 j - a +1 dagger of electrocution (weapon)
Armour
 b - a +0 robe (worn)
 c - a +0 hat (worn)
 e - an orb of mayhem
Jewellery
 g - a +4 ring of protection (left hand)
 p - a ring of poison resistance (right hand)
Scrolls
 f - a scroll of brand weapon {unknown}
 h - a scroll of acquirement {unknown}
 i - a scroll of amnesia {unknown}
 k - 2 scrolls of teleportation {unknown}
 m - 3 scrolls of identify {unknown}
 n - 2 scrolls of fear {unknown}
 o - a scroll of blinking {unknown}
 q - a scroll of fog {unknown}
 r - a scroll of enchant armour {unknown}
Potions
 a - a potion of degeneration {unknown}
 d - a potion of magic
 l - a potion of curing {unknown}


   Skills:
 - Level 2.0 Dodging
 - Level 2.0 Stealth
 - Level 5.0 Spellcasting
 + Level 1.9 Conjurations
 - Level 1.0 Summonings
 - Level 1.0 Translocations


You had 9 spell levels left.
You knew the following spells:

 Your Spells              Type           Power      Damage    Failure   Level
a - Magic Dart            Conj           40%        1d5       6%          1
b - Blink                 Tloc           14%        N/A       14%         2
c - Call Imp              Summ           14%        N/A       14%         2

Your spell library contained the following spells:

 Spells                   Type           Power      Damage    Failure   Level
 Slow                     Hex            16%        N/A       14%         1
 Cigotuvi's Dreadful Rot  Necr/Alch/Air  8%         N/A       22%         2
 Gell's Gravitas          Tloc           7%         N/A       28%         3
 Teleport Other           Tloc           7%         N/A       28%         3
 Mephitic Cloud           Conj/Alch/Air  6%         N/A       32%         3
 Dispersal                Tloc           3%         N/A       100%        6


Dungeon Overview and Level Annotations

Branches:
Dungeon (3/15)

Altars:
Ashenzari

Shops:
D:1 :


Innate Abilities, Weirdness & Mutations

You regain HP and MP as you explore.


Message History

You barely miss the hobgoblin. The hobgoblin hits you.
You barely miss the hobgoblin. The hobgoblin completely misses you.
You barely miss the hobgoblin. The hobgoblin barely misses you.
You closely miss the hobgoblin.
The hobgoblin hits you but does no damage.
You closely miss the hobgoblin. The hobgoblin closely misses you.
You closely miss the hobgoblin.
The orc priest looks encouraged for a moment.
The hobgoblin barely misses you.
You hit the hobgoblin but do no damage.
The hobgoblin hits you but does no damage.
You hit the hobgoblin.
The hobgoblin is severely wounded.
The hobgoblin barely misses you.
The orc wizard mumbles some strange words.
The orc wizard flickers and vanishes!
You barely miss the hobgoblin.
The hobgoblin is severely wounded.
The hobgoblin barely misses you.
You closely miss the hobgoblin.
The hobgoblin is severely wounded.
The hobgoblin hits you but does no damage.
You closely miss the hobgoblin.
The hobgoblin is severely wounded.
The hobgoblin misses you.
You hit the hobgoblin but do no damage.
Lightning courses through the hobgoblin!
You kill the hobgoblin!
The orc priest calls down the wrath of Beogh upon you.
Beogh smites you! The orc priest misses you.
You see here a hobgoblin corpse.
You closely miss the orc priest.
The orc priest is lightly wounded.
The orc priest hits you with a +0 short sword.
You hit the orc priest.
The orc priest is moderately wounded.
The orc priest invokes the aid of Beogh against you.
Beogh smites you!
You die...

#.########## #.# #.# o
#.# .## #.# .o. #.# ....
#.# #...### ##########.#
......#######{{o@......#
.....)....(..o##########
......######### ....###
#... ###


You could see an orc priest and an orc.

Vanquished Creatures
  An orc priest (D:3)
  An iguana (D:3)
  2 adders (D:2)
  A dart slug (D:3)
  An orc (D:3)
  5 ball pythons
  3 endoplasms
  4 goblins
  5 hobgoblins
  3 jackals (D:3)
  8 kobolds
  6 bats
  2 frilled lizards
  3 rats (D:1)
45 creatures vanquished.

Notes
Turn   | Place    | Note
-------+----------+-------------------------------------------
     0 | D:1      | horus123 the Human Hedge Wizard began the quest for the
                  | Orb.
     0 | D:1      | Reached XP level 1. HP: 13/13 MP: 4/4
   343 | D:1      | Reached XP level 2. HP: 19/19 MP: 3/6
   377 | D:1      | Found Tegriss's Book Shoppe.
  1266 | D:1      | Learned a level 2 spell: Blink
  1269 | D:1      | Learned a level 2 spell: Call Imp
  1349 | D:1      | Reached XP level 3. HP: 24/24 MP: 2/8
  1425 | D:1      | Reached skill level 4 in Spellcasting
  1998 | D:2      | Identified the +0 ring mail of the Nine Princes {Fly}
  2025 | D:2      | Found a broken altar of Ashenzari.
  2330 | D:2      | Became a worshipper of Ashenzari the Shackled
  2505 | D:3      | Reached XP level 4. HP: 30/30 MP: 2/10
  2704 | D:3      | Reached skill level 5 in Spellcasting
  2704 | D:3      | Reached XP level 5. HP: 21/35 MP: 7/12
  2810 | D:3      | Killed from afar by an orc priest

Illustrated notes

Levels and vault maps discovered:
D:1:      roderic_dead_forest, layout_basic, serial_shops, shop,
          chequers_serial_rivers_micro_b, dreamdust_princess_corridor
D:2:      layout_loops_ring, basic_altar, minmay_split_cup_small
D:3:      layout_loops_ring, uniq_terence

Skill      XL: |  1  2  3  4 |
---------------+-------------+-----
Spellcasting   | 4 5 |  5.0
Dodging        | |  2.0
Stealth        | |  2.0
Conjurations   | |  1.9
Summonings     | |  1.0
Translocations | |  1.0

Action                     |  1- 3 |  4- 6 || total
---------------------------+-------+-------++-------
  Melee: Dagger            |    15 |    35 ||    50
   Cast: Magic Dart        |    97 |    11 ||   108
 Armour: Robe              |    28 |    14 ||    42
  Dodge: Dodged            |    28 |    16 ||    44

Table legend: (Time is in decaauts)
 A = Elapsed time spent in this place.
 B = Non-inter-level travel time spent in this place.
 C = Inter-level travel time spent in this place.
 D = Time resting spent in this place.
 E = Time spent auto-exploring this place.
 F = Levels seen in this place.
 G = Mean time per level.
                   A        B        C        D        E       F      G
               +--------+--------+--------+--------+--------+-----+--------+
         Total |   2808 |   2743 |     65 |    277 |   2114 |   3 |  936.0 |
       Dungeon |   2808 |   2743 |     65 |    277 |   2114 |   3 |  936.0 |
               +--------+--------+--------+--------+--------+-----+--------+

Top non-repeatable levels by time:
     D:1: 1577 daAuts
     D:2: 886 daAuts
     D:3: 344 daAuts
